 Dungeon Crawl Stone Soup version 0.27.1-3-gb3d3a73c9e (webtiles) character file.

Game seed: 5958640493923032491

6097 Urokeeper the Covert (level 11, -5/68 (69) HPs)
             Began as a Kobold Brigand on Oct 19, 2021.
             Was a Follower of Wu Jian.
             Slain by a death yak (9 damage)
             ... on level 8 of the Dungeon.
             The game lasted 00:42:55 (8504 turns).

Urokeeper the Covert (Kobold Brigand)               Turns: 8504, Time: 00:42:55

HP:   -5/68 (69)    AC:  9    Str: 21    XL:     11   Next: 12%
MP:   11/11         EV: 18    Int: 12    God:    Wu Jian [*.....]
Gold: 319           SH:  0    Dex: 20    Spells: 10/10 levels left

rFire    . . .     SeeInvis .   w - +0 long sword
rCold    . . .     Faith    .   (shield restricted)
rNeg     . . .     Spirit   .   I - +1 steam dragon scales
rPois    .         Reflect  .   s - +0 helmet
rElec    .         Harm     .   c - +0 cloak
rCorr    .         Rampage  .   (no gloves)
Will     .....                  (no boots)
Stlth    ++++++....             l - amulet of regeneration
HPRegen  1.21/turn              D - +6 ring of strength
MPRegen  0.12/turn              i - +6 ring of strength

@: lightly drained
A: small, no large weapons, nightstalker 3
a: Renounce Religion


You were on level 8 of the Dungeon.
You worshipped Wu Jian.
Wu Jian was aware of your devotion.
You visited 2 branches of the dungeon, and saw 10 of its levels.
You also visited: Ossuary.

You collected 319 gold pieces.

Inventory:

Hand Weapons
 a - a +2 dagger
 f - a +3 quick blade
 h - a +1 dagger of speed
 v - a +0 rapier
 w - a +0 long sword (weapon)
 H - a +0 falchion of holy wrath
Missiles
 d - 8 poisoned darts (quivered)
 j - 8 boomerangs of dispersal
Armour
 c - a +0 cloak (worn)
 s - a +0 helmet (worn)
 I - +1 steam dragon scales (worn)
Jewellery
 i - a +6 ring of strength (right hand)
 l - an amulet of regeneration (around neck)
 m - a +4 ring of evasion
 o - an amulet of guardian spirit
 r - a ring of see invisible
 t - an amulet of the acrobat
 y - a ring of resist corrosion
 A - an amulet of faith
 D - a +6 ring of strength (left hand)
Wands
 u - a wand of iceblast (8)
 B - a wand of flame (16)
Scrolls
 q - 8 scrolls of teleportation
 F - a scroll of magic mapping
Potions
 n - a potion of flight
 p - 3 potions of curing
 x - a potion of degeneration
 z - 2 potions of attraction


   Skills:
 + Level 8.4 Fighting
 - Level 5.9(9.4) Short Blades
 * Level 7.2(7.7) Long Blades
 - Level 2.1 Throwing
 + Level 4.4 Armour
 - Level 6.0 Dodging
 + Level 11.6 Stealth


You had 10 spell levels left.
You didn't know any spells.
Your spell library contained the following spells:

 Spells                   Type           Power      Damage    Failure   Level
 Magic Dart               Conj           0%         1d3       32%         1
 Call Imp                 Summ           0%         N/A       45%         2
 Corpse Rot               Necr/Air       N/A        N/A       45%         2
 Poisonous Vapours        Pois/Air       0%         N/A       45%         2
 Static Discharge         Conj/Air       0%         N/A       45%         2
 Mephitic Cloud           Conj/Pois/Air  0%         N/A       69%         3
 Stone Arrow              Conj/Erth      0%         3d7       69%         3
 Animate Armour           Summ/Erth      0%         N/A       97%         4
 Dispel Undead            Necr           0%         3d6       97%         4
 Sticky Flame             Conj/Fire      0%         2d3       97%         4
 Bolt of Magma            Conj/Fire/Erth 0%         4d4       100%        5
 Freezing Cloud           Conj/Ice/Air   0%         6-21      100%        5
 Lehudib's Crystal Spear  Conj/Erth      0%         10d2      100%        8
 Shatter                  Erth           0%         3d5*      100%        9


Dungeon Overview and Level Annotations

Branches:
Dungeon (9/15)             Temple (1/1) D:6            Lair (0/6) D:8
Ossuary (visited)
    Orc: D:9-12

Altars:
Ashenzari
Cheibriados
Dithmenos
Elyvilon
Fedhas
Gozag
Hepliaklqana
Kikubaaqudgha
Makhleb
Nemelex Xobeh
Okawaru
Qazlal
Ru
Sif Muna
Trog
Uskayaw
Vehumet
Wu Jian
Xom
Yredelemnul
Zin
The Shining One

Shops:
D:3 ?[(*   D:4 *


Innate Abilities, Weirdness & Mutations

You are small and have problems with some larger weapons.
You are completely attuned to the shadows.


Message History

The death yak gores you!!
You hit the death yak but do no damage.
The death yak is heavily wounded.
The death yak gores you!
You hit the death yak.
The death yak is heavily wounded.
You hit the death yak.
The death yak is heavily wounded.
The death yak is no longer moving slowly.
The death yak barely misses you.
You barely miss the death yak.
The death yak is heavily wounded.
The death yak barely misses you.
You hit the death yak but do no damage.
The death yak is heavily wounded.
The death yak gores you!!
You hit the death yak.
The death yak is heavily wounded.
The death yak completely misses you.
You riposte.
You hit the death yak but do no damage.
The death yak is heavily wounded.
You hit the death yak.
The death yak is severely wounded.
The death yak gores you but does no damage.
You hit the death yak.
The death yak is severely wounded.
The death yak gores you but does no damage.
You hit the death yak but do no damage.
The death yak is severely wounded.
The death yak gores you!
* * * LOW HITPOINT WARNING * * *
You slash the death yak!
The death yak is severely wounded.
The death yak gores you!
* * * LOW HITPOINT WARNING * * *
The hell rat twitches its whiskers.
You slash the death yak!
The death yak is almost dead.
The death yak looks more healthy.
The death yak gores you!
You die...

#...#.# ......###. #.#...###
#####..... #)#.....## #.##.#
##...###..## #.##.. #...## ##..#
#.#### ########.#..# ##.### ##.#
#†<.......#.# ##...#### ##..#
#.........#.# #.......###..###
#...........# #@#####(.......###
#.............##Y#########Z##...#
##########..#..Zrr...# #.####Y.
.........#####Z# ##.
.#..........Z..# ##
#.......†..###### #
..>.##...#......## #
....#.........#..#### ..
...#.####......##


You could see a death yak, 2 hell rats and a hornet zombie.

Vanquished Creatures
  A two-headed ogre (D:6)
  2 death yaks
  Grinder (D:3)
  Sigmund (D:3)
  6 yaks
  A steam dragon (D:8)
  3 water moccasins
  A sky beast (D:6)
  An ice beast (D:7)
  2 black bears
  2 necrophages
  6 ogres
  2 centaurs
  2 phantoms
  An elf zombie (Ossuary)
  3 bullfrogs (D:6)
  A wyvern skeleton (D:7)
  3 wights (D:7)
  A howler monkey (D:6)
  2 centaur zombies (Ossuary)
  2 human zombies (Ossuary)
  2 hounds (D:5)
  An orc priest (D:3)
  3 bullfrog skeletons
  2 iguanas
  Natasha (thrice) (D:4)
  5 orc wizards
  3 hound zombies (Ossuary)
  A hound skeleton (D:5)
  3 mummies (Ossuary)
  Robin (D:3)
  5 adders
  A shadow imp (D:4)
  5 adder zombies (Ossuary)
  4 worms (D:4)
  A dart slug (D:4)
  10 orcs
  7 ball pythons
  10 endoplasms
  3 giant cockroaches
  2 gnoll zombies (Ossuary)
  13 goblins
  8 hobgoblins
  2 jackals (D:1)
  5 kobolds
  6 quokkas
  3 bats
  A frilled lizard (D:1)
  3 goblin zombies (Ossuary)
  5 hobgoblin zombies (Ossuary)
  A jackal zombie (Ossuary)
  4 kobold zombies (Ossuary)
  2 quokka zombies (Ossuary)
  3 rats
  6 rat zombies (Ossuary)
178 creatures vanquished.

Vanquished Creatures (others)
  A plant (D:3)
1 creature vanquished.

Grand Total: 179 creatures vanquished

Notes
Turn   | Place    | Note
-------+----------+-------------------------------------------
     0 | D:1      | Urokeeper the Kobold Brigand began the quest for the Orb.
     0 | D:1      | Reached XP level 1. HP: 12/12 MP: 1/1
   225 | D:1      | Reached XP level 2. HP: 13/18 MP: 2/2
   770 | D:2      | Reached XP level 3. HP: 22/22 MP: 3/3
  1035 | D:2      | Found a faded altar of an unknown god.
  1716 | D:3      | Found Ygexux's General Store.
  1728 | D:3      | Found Uskyp's Weapon Shop.
  1773 | D:3      | Reached skill level 6 in Stealth
  1773 | D:3      | Reached XP level 4. HP: 14/28 MP: 4/4
  1786 | D:3      | Noticed Robin
  1796 | D:3      | Killed Robin
  1864 | D:3      | Reached XP level 5. HP: 32/32 MP: 5/5
  1864 | D:3      | Noticed Grinder
  1972 | D:3      | Noticed Sigmund
  1977 | D:3      | Noticed Natasha
  2001 | D:4      | Killed Natasha
  2008 | D:4      | Found Toypyewa's Assorted Antiques.
  2061 | D:4      | Noticed an ogre
  2077 | D:4      | Noticed a water moccasin
  2080 | D:4      | Killed an ogre
  2081 | D:4      | Reached XP level 6. HP: 38/38 MP: 6/6
  2082 | D:4      | Killed a water moccasin
  2083 | D:4      | Reached skill level 5 in Short Blades
  2083 | D:4      | Reached skill level 7 in Stealth
  2083 | D:4      | Reached XP level 7. HP: 43/43 MP: 7/7
  2135 | D:4      | Noticed Natasha
  2146 | D:4      | Killed Natasha
  2154 | D:4      | Found a sand-covered staircase.
  2190 | Ossuary  | Entered an ossuary
  2434 | Ossuary  | Reached skill level 5 in Dodging
  2434 | Ossuary  | Reached XP level 8. HP: 48/48 MP: 8/8
  2448 | Ossuary  | Reached skill level 5 in Fighting
  2522 | Ossuary  | Reached skill level 8 in Stealth
  2771 | Ossuary  | Identified a scroll of acquirement
  2771 | Ossuary  | Acquired a +3 quick blade
  2912 | D:4      | Reached skill level 1 in Long Blades
  3341 | D:4      | Noticed Natasha
  3348 | D:4      | Killed Natasha
  3476 | D:5      | Entered Level 5 of the Dungeon
  4322 | D:5      | Found a sparkling altar of Nemelex Xobeh.
  4534 | D:6      | Reached skill level 9 in Stealth
  4534 | D:6      | Reached XP level 9. HP: 55/55 MP: 9/9
  4662 | D:6      | Reached skill level 1 in Armour
  4711 | D:6      | Noticed a two-headed ogre
  4716 | D:6      | Killed a two-headed ogre
  4717 | D:6      | Found a sacrificial altar of Ru.
  4994 | D:6      | Reached skill level 10 in Stealth
  5408 | D:6      | Reached skill level 5 in Long Blades
  5415 | D:6      | Found a staircase to the Ecumenical Temple.
  5421 | Temple   | Entered the Ecumenical Temple
  5777 | Temple   | Became a worshipper of the Wu Jian Council
  5850 | D:6      | Reached XP level 10. HP: 63/63 MP: 10/10
  7415 | D:3      | Found Ges Dei's Antique Armour Boutique.
  7446 | D:3      | Killed Grinder
  7447 | D:3      | Reached skill level 11 in Stealth
  7592 | D:3      | Found Vevuor's Magic Scroll Shoppe.
  7727 | D:3      | Killed Sigmund
  8219 | D:8      | Reached * piety under Wu Jian
  8280 | D:8      | Noticed a death yak
  8281 | D:8      | Noticed a death yak
  8283 | D:8      | Found a staircase to the Lair.
  8290 | D:8      | Noticed a death yak
  8301 | D:8      | Killed a death yak
  8302 | D:8      | Reached XP level 11. HP: 19/68 MP: 11/11
  8430 | D:7      | Killed a death yak
  8503 | D:8      | HP: 3/68 [death yak (16)]
  8504 | D:8      | Slain by a death yak

Illustrated notes

Levels and vault maps discovered:
D:1:      dpeg_arrival_rhombi, layout_rooms
D:2:      layout_basic, shapermc_ecumenical_altar_mp_highgroup, minivault_14,
          grunt_ministairs_12, kennysheep_generic_room_13
D:3:      layout_loops_ring, serial_shops, shop, nicolae_shop_stone,
          nicolae_shop_overgrown_old_shop, nicolae_shop_statue_plus,
          kennysheep_small_spiral, chequers_serial_rivers_room_b,
          minmay_box_of_dots, uniq_robin, uniq_sigmund, uniq_natasha,
          uniq_grinder
D:4:      layout_basic, lightli_ossuary_entry_decrepit_ruins, serial_shops,
          shop, gup_sewer_entry_bubbles
D:5:      layout_loops_corners, nemelex_dance_club_becter
D:6:      layout_basic, minmay_temple_entry_waves, serial_co_window_serial,
          co_window_corner_a, co_window_corner_a, co_window_paths_a,
          co_window_paths_a, co_window_paths_a, co_window_broadway_c,
          co_window_broadway_b, co_window_broadway_b, co_window_corner_b,
          co_window_4corner_b, glass_columns_c, glass_columns_a,
          glass_columns_c, glass_columns_a, glass_columns_b,
          minmay_ruined_shrine
D:7:      layout_gridville
D:8:      layout_rooms, dpeg_lair_monsters
D:9:      layout_basic
Temple:   roderic_octagonal_lattice_temple

Skill      XL: |  1  2  3  4  5  6  7  8  9 10 11 |
---------------+----------------------------------+-----
Short Blades   | 3 4 5 |  5.9
Dodging        | 2 3 4 5 6 |  6.0
Fighting       | 3 4 5 7 8 |  8.4
Stealth        | 6 7 9 10 11 | 11.6
Long Blades    | 3 5 6 7 |  7.2
Armour         | 2 4 |  4.4
Throwing       | |  2.1

Action                   |  1- 3 |  4- 6 |  7- 9 | 10-12 || total
-------------------------+-------+-------+-------+-------++-------
Melee: Dagger            |    90 |    68 |     1 |       ||   159
       Falchion          |       |    42 |       |       ||    42
       Rapier            |       |       |   163 |       ||   163
       Long sword        |       |       |   140 |   157 ||   297
       Quick blade       |       |       |   137 |    76 ||   213
Throw: Dart              |     1 |     1 |     2 |     3 ||     7
Invok: Lunge             |       |       |     1 |     9 ||    10
       Whirlwind         |       |       |       |    11 ||    11
  Use: Scroll            |       |       |    13 |     4 ||    17
       Potion            |       |       |       |     3 ||     3
 Stab: Sleeping          |    17 |     3 |    37 |     8 ||    65
       Distracted        |       |       |       |     3 ||     3
       Invisible         |       |       |       |     1 ||     1
Armor: Robe              |     5 |       |       |       ||     5
       Ring mail         |    10 |    16 |    65 |    31 ||   122
       Steam dragon scal |       |       |       |    12 ||    12
Dodge: Dodged            |    36 |    53 |   297 |   139 ||   525
       Rpst.: Falchion   |       |     8 |       |       ||     8
       Long sword        |       |       |    30 |    29 ||    59
